Workbook

Sheet PO
B2: MINISTERIO DE TRANSPORTE
B3: INSTITUTO NACIONAL DE VÍAS
B4: DIRECCIÓN OPERATIVA
B5: SUBDIRECCIÓN RED NACIONAL DE CARRETERAS
B6: CONCURSO DE MERITOS
B7: CMA-DO-SRN-XXX-2021
B8: INTERVENTORIA PARA EL MANTENIMIENTO DE LA CARRETERA PIPIRAL - VILLAVICENCIO, RUTA 40MTA, DEPARTAMENTO DEL META.
B10: PRESUPUESTO OFICIAL | E10: PLAZO: | F10: CUATRO (4) MESES
B12: CANT. | C12: CARGO / OFICIO | D12: COSTOS | E12: PRIMA | F12: PARTICIPACIÓN | G12: VALOR
D13: DE PERSONAL | E13: REGIONAL | F13: (h-mes) | G13: PARCIAL ($)
B14: (1) | D14: (2) | E14: (3) | F14: (4) | G14: (1)*((2)+(3))*(4) = (5)
C15: COSTOS DIRECTOS DE PERSONAL
C16: PERSONAL PROFESIONAL
B17: 1 | C17: Director de Interventoria | D17: 6000000 | F17: 2 | G17: =+(D17+E17)*B17*F17 -> 12000000
B18: 1 | C18: Ingeniero Residente de Interventoría | D18: 4500000 | F18: 4 | G18: =+(D18+E18)*B18*F18 -> 18000000
B19: 1 | C19: Profesional Ambiental | D19: 3500000 | F19: 2 | G19: =+(D19+E19)*B19*F19 -> 7000000
B20: 1 | C20: Profesional Técnico Predial | D20: 3500000 | F20: 1 | G20: =+(D20+E20)*B20*F20 -> 3500000
B21: 1 | C21: Especialista en Geologia y/o Geotecnia | D21: 6000000 | F21: 1 | G21: =+(D21+E21)*B21*F21 -> 6000000
B22: 1 | C22: Especialista en Estructuras | D22: 6000000 | F22: 0.75 | G22: =+(D22+E22)*B22*F22 -> 4500000
B23: 1 | C23: Especialista en Pavimentos y/o Vias | D23: 6000000 | F23: 0.75 | G23: =+(D23+E23)*B23*F23 -> 4500000
B24: 1 | C24: Especialista en Hidráulica e Hidrología | D24: 6000000 | F24: 0.75 | G24: =+(D24+E24)*B24*F24 -> 4500000
B25: 1 | C25: Profesional de Aseguramiento o Gestión de la Calidad | D25: 3400000 | F25: 2 | G25: =+(D25+E25)*B25*F25 -> 6800000
B26: 1 | C26: Profesional Juridico Predial | D26: 3500000 | F26: 1 | G26: =+(D26+E26)*B26*F26 -> 3500000
B27: 1 | C27: PERSONAL TÉCNICO
B28: 1 | C28: Topógrafo Inspector | D28: 2000000 | F28: 3.5 | G28: =+(D28+E28)*B28*F28 -> 7000000
B29: 1 | C29: Laboratorista Inspector | D29: 2000000 | F29: 3.5 | G29: =+(D29+E29)*B29*F29 -> 7000000
B30: 1 | C30: Inspector SST | D30: 1100000 | F30: 3.5 | G30: =+(D30+E30)*B30*F30 -> 3850000
C31: PERSONAL AUXILIAR TÉCNICO
B32: 1 | C32: Cadenero | D32: 1100000 | F32: 3.5 | G32: =+(D32+E32)*B32*F32 -> 3850000
C33: PERSONAL ADMINISTRATIVO
B34: 1 | C34: Secretaria | D34: 1200000 | F34: 4 | G34: =+(D34+E34)*B34*F34 -> 4800000
B35: 1 | C35: Conductor | D35: 1200000 | F35: 4 | G35: =+(D35+E35)*B35*F35 -> 4800000
B36: OTROS COSTOS DE PERSONAL
C37: PROVISIÓN JORNADAS 7X24
C38: Provisión Jornadas 7X24 | F38: NO MODIFICAR | G38: 1021000 | J38: =G17+G18+G20+G28+#REF!+G34+G35 -> #REF!
C39: SUBTOTAL COSTOS DE PERSONAL = SUMATORIA DE (5) = (6) | G39: =SUM(G17:G38) -> 102621000
C40: FACTOR MULTIPLICADOR (7) | G40: 2.36 | H40: VALOR MÁXIMO
C41: SUBTOTAL COSTOS DE PERSONAL = (6) * (7) = (A) | G41: =ROUND(G39*G40,0) -> 242185560
B42: CANT. | C42: CONCEPTO | D42: UNIDAD | E42: COSTO | F42: UTILIZACION | G42: VALOR
E43: ($) | G43: PARCIAL ($)
B44: (8) | E44: (9) | F44: (10) | G44: (8)*(9)*(10) = (11)
C45: OTROS COSTOS DIRECTOS
C46: VIÁTICOS
B47: 1 | C47: Viaticos Director y/o Especialistas | D47: Dia | E47: 180000 | F47: 12 | G47: =+B47*E47*F47 -> 2160000
C48: COSTOS DE ALQUILER DE EQUIPOS Y OFICINA
B49: 1 | C49: Camioneta o Campero de más de 2000 c.c. (1): 4x4 (Incluye peajes y Combustible) El modelo del vehiculo ofrecido deberá corresponder a modelos 2015 o superior. | D49: Mes | E49: 4000000 | F49: 4 | G49: =+B49*E49*F49 -> 16000000
B50: 1 | C50: Equipo completo de topografia | D50: Según comprobante por mes | E50: 2500000 | F50: 3.5 | G50: =+B50*E50*F50 -> 8750000
B51: 1 | C51: Laboratorio de ensayos de materiales, suelos, pavimentos y concretos completo | D51: Según comprobante por mes | E51: 1800000 | F51: 3.5 | G51: =+B51*E51*F51 -> 6300000
B52: 1 | C52: Oficina/Campamento (incluye dotación y servicios públicos) | D52: Según comprobante por mes | E52: 1000000 | F52: 4 | G52: =+B52*E52*F52 -> 4000000
C53: OTROS COSTOS
B54: 1 | C54: Transportes aereos y/o terrestres (incluye peajes y combustible) | D54: Según comprobante por mes | E54: 1200000 | F54: 4 | G54: =+E54*F54 -> 4800000
B55: 1 | C55: Edición de informes, papelería, reproducciòn de documentos, planos, fotografías, videos, etc. | D55: Según comprobante por mes | E55: 400000 | F55: 4 | G55: =+E55*F55 -> 1600000
B56: 1 | C56: Comunicaciones (telefonía fija y/o celular, fax,correo, internet, etc) | D56: Según comprobante por mes | E56: 300000 | F56: 4 | G56: =+E56*F56 -> 1200000
B57: 1 | C57: Elementos e insumos IMPLEMENTACIÓN PROTOCOLO DE BIOSEGURIDAD POR COVID -19 | D57: Según comprobante por mes | E57: 675000 | F57: 4 | G57: =+E57*F57 -> 2700000 | H57: NO MODIFICAR
B58: 1 | C58: Veeduría Técnica Comunitaria | D58: Según comprobante por mes | E58: 100000 | F58: 4 | G58: =+E58*F58 -> 400000 | H58: NO MODIFICAR | I58: 41.3
C59: SUBTOTAL OTROS COSTOS DIRECTOS = SUMATORIA DE (11) = (B) | G59: =SUM(G47:G58) -> 47910000 | I59: 3.7
C60: SUBTOTAL COSTOS BASICOS = (A) + (B) = (C) | G60: =G41+G59 -> 290095560 | I60: =+I59/I58 -> 0.089588378
C61: PROVISIÓN PARA AJUSTES Y/O FRENTE ADICIONAL = D) | G61: 46038894 | H61: NO MODIFICAR
C62: SUBTOTAL COSTOS BASICOS = (C) + (D) = (E) | G62: =G60+G61 -> 336134454
C63: IVA = 19% * (E) = (F) | G63: =ROUND(G62*19%,0) -> 63865546
C64: COSTO TOTAL = (E) + (F) | G64: =G62+G63 -> 400000000
B65: NOTAS:
B66: 1. El Personal con dedicación del 100% en la interventoria, debe permanecer de tiempo completo en el lugar de ejecución de la obra, so pena de incurrir en falta grave a sus obligaciones, con la consecuente aplicación de las sanciones establecidas contractualmente.
B67: 2. Para el reconocimiento de los gastos deberá tenerse en cuenta la forma de pago establecida en los estudios previos, pliego de condiciones y contrato y las indicaciones pertinentes del Manual de Interventoría vigente, o el que lo modifique o sustituya. Se tendrá en cuenta lo siguiente, según corresponda:
B68: 2.1. Los costos directos de personal deben estar soportados por la nómina firmada, los cuales se anexarán al acta de costos para el trámite correspondiente ante el Instituto.
B69: 2.2. Los viáticos se reconocerán según su utilización real y sin superar los topes fijados en el presupuesto de la oferta entregada por el adjudicatario. Se reconoceran viaticos a los Especialistas que ejecuten desplazamientos al lugar de ejecución del proyecto cuando sea requerido, previa autorización del Supervisor del Contrato de Interventoría; En los casos en que se requiera la presencia del Director de Interventoría en Planta Central de INVIAS Bogotá, se le reconocerán viáticos.
B70: 2.3. Para aquellos costos de interventoría que tengan como unidad "Según comprobante por mes", los mismos se reembolsarán según su costo real, contra la presentación de facturas y soportes respectivos.
B71: 2.4. Los gastos de transportes aéreos/terrestres (incluye peajes y combustible) solo se reconocerán aquellos que se originen por el desplazamiento del personal a la zona del proyecto.
B72: 2.5. Los gastos de transportes aéreos/terrestres (incluye peajes y combustible) se reconocerán para el Personal Director y/o Especialistas, previa autorización del Gestor de Técnico de Proyecto,
B73: 2.6.Los equipos e insumos técnicos solicitados se requieren como una herramienta de trabajo, por lo cual debe tenerlos el Interventor, para el desarrollo de sus actividades y se reconocen sus servicios al Invias dentro del ítem de “Oficina/Campamento (incluye dotación y servicios públicos)".
B74: 2.7. Para el caso del reembolso de los costos globales, es responsabilidad de la Interventoría el gasto racional de estos recursos, de acuerdo con las necesidades del proyecto dentro del plazo contractual.
B75: 2.8. Los valores que aparecen fijos e inmodificables, no podrán alterarse
B76: 2.9. Los costos correspondientes a las jornadas adicionales cuando se programen jornadas de trabajo 7 días a la semana 24 horas diarias (7x24), serán pagados por la provisón contemplada en el presente formulario.
... B82: FIRMAS:
B84: Nombre y firma del Representante Legal del Proponente | E84: Nombre del proponente

Sheet RANGOS
G2: RECURSO | H2: LIMITE INFERIOR | J2: LIMITE SUPERIOR
G3: =+PO!C17 -> Director de Interventoria | H3: =+I3-100000 -> 5900000 | I3: =+PO!D17 -> 6000000 | J3: =+I3+100000 -> 6100000
G4: =+PO!C18 -> Ingeniero Residente de Interventoría | H4: =+I4-100000 -> 4400000 | I4: =+PO!D18 -> 4500000 | J4: =+I4+100000 -> 4600000
G5: =+PO!C19 -> Profesional Ambiental | H5: =+I5-100000 -> 3400000 | I5: =+PO!D19 -> 3500000 | J5: =+I5+100000 -> 3600000
G6: =+PO!C20 -> Profesional Técnico Predial | H6: =+I6-100000 -> 3400000 | I6: =+PO!D20 -> 3500000 | J6: =+I6+100000 -> 3600000
G7: =+PO!C21 -> Especialista en Geologia y/o Geotecnia | H7: =+I7-100000 -> 5900000 | I7: =+PO!D21 -> 6000000 | J7: =+I7+100000 -> 6100000
G8: =+PO!C22 -> Especialista en Estructuras | H8: =+I8-100000 -> 5900000 | I8: =+PO!D22 -> 6000000 | J8: =+I8+100000 -> 6100000
G9: =+PO!C23 -> Especialista en Pavimentos y/o Vias | H9: =+I9-100000 -> 5900000 | I9: =+PO!D23 -> 6000000 | J9: =+I9+100000 -> 6100000
G10: =+PO!C24 -> Especialista en Hidráulica e Hidrología | H10: =+I10-100000 -> 5900000 | I10: =+PO!D24 -> 6000000 | J10: =+I10+100000 -> 6100000
G11: =+PO!C25 -> Profesional de Aseguramiento o Gestión de la Calidad | H11: =+I11-100000 -> 3300000 | I11: =+PO!D25 -> 3400000 | J11: =+I11+100000 -> 3500000
G12: =+PO!C26 -> Profesional Juridico Predial | H12: =+I12-100000 -> 3400000 | I12: =+PO!D26 -> 3500000 | J12: =+I12+100000 -> 3600000
G13: =+PO!C28 -> Topógrafo Inspector | H13: =+I13-100000 -> 1900000 | I13: =+PO!D28 -> 2000000 | J13: =+I13+100000 -> 2100000
G14: =+PO!C29 -> Laboratorista Inspector | H14: =+I14-100000 -> 1900000 | I14: =+PO!D29 -> 2000000 | J14: =+I14+100000 -> 2100000
G15: =+PO!C30 -> Inspector SST | H15: =+I15-100000 -> 1000000 | I15: =+PO!D30 -> 1100000 | J15: =+I15+100000 -> 1200000
G16: =+PO!C32 -> Cadenero | H16: =+I16-100000 -> 1000000 | I16: =+PO!D32 -> 1100000 | J16: =+I16+100000 -> 1200000
G17: Viaticos Director y/o Especialistas | H17: 180000 | I17: =+PO!E47 -> 180000 | J17: 207000
G18: Camioneta o Campero de más de 2000 c.c. (1): 4x4 (Incluye peajes y Combustible) El modelo del vehiculo ofrecido deberá corresponder a modelos 2015 o superior. | H18: 4000000 | I18: =+PO!E49 -> 4000000 | J18: 5000000
G19: Equipo completo de topografia | H19: 1800000 | I19: =+PO!E50 -> 2500000 | J19: 2500000
G20: Laboratorio de ensayos de materiales, suelos, pavimentos y concretos completo | H20: 1800000 | I20: =+PO!E51 -> 1800000 | J20: 2500000
G21: Oficina/Campamento (incluye dotación y servicios públicos) | H21: 1000000 | I21: =+PO!E52 -> 1000000 | J21: 1500000
G22: Transportes aereos y/o terrestres (incluye peajes y combustible) | H22: 800000 | I22: =+PO!E54 -> 1200000 | J22: 1200000
G23: Edición de informes, papelería, reproducciòn de documentos, planos, fotografías, videos, etc. | H23: 400000 | I23: =+PO!E55 -> 400000 | J23: 600000
G24: Comunicaciones (telefonía fija y/o celular, fax,correo, internet, etc) | H24: 300000 | I24: =+PO!E56 -> 300000 | J24: 500000

Sheet PLAN DE CARGAS
A1: MINISTERIO DE TRANSPORTE
A2: INSTITUTO NACIONAL DE VÍAS
A3: SUBDIRECCION DE LA RED NACIONAL DE CARRETERAS
A5: CONCURSO DE MÉRITOS ABIERTO No. CMA-DO-SRN-0XX-2020
A6: =+PO!$B$8 -> INTERVENTORIA PARA EL MANTENIMIENTO DE LA CARRETERA PIPIRAL - VILLAVICENCIO, RUTA 40MTA, DEPARTAMENTO DEL META.
A8: CRONOGRAMA Y PLAN DE CARGAS
A11: ACTIVIDADES | B11: MES | E11: 1 | F11: MES | I11: =E11+1 -> 2 | J11: MES | M11: 3 | N11: MES | Q11: =M11+1 -> 4 | R11: RESPONSABLE | S11: UTILIZACION MES-HOMBRE
B12: 1 | C12: =+B12+1 -> 2 | D12: =+C12+1 -> 3 | E12: =+D12+1 -> 4 | F12: 1 | G12: =+F12+1 -> 2 | H12: =+G12+1 -> 3 | I12: =+H12+1 -> 4 | J12: 1 | K12: =+J12+1 -> 2 | L12: =+K12+1 -> 3 | M12: =+L12+1 -> 4 | N12: 1 | O12: =+N12+1 -> 2 | P12: =+O12+1 -> 3 | Q12: =+P12+1 -> 4 | S12: =+PO!$B$17 -> 1 | T12: =+PO!$B$18 -> 1 | U12: =+PO!$B$19 -> 1 | V12: =+PO!$B$20 -> 1 | W12: =+PO!$B$21 -> 1 | X12: =+PO!$B$22 -> 1 | Y12: =+PO!$B$23 -> 1 | Z12: =+PO!$B$24 -> 1 | AA12: =+PO!$B$25 -> 1 | AB12: =+PO!$B$26 -> 1 | AC12: =+PO!$B$28 -> 1 | AD12: =+PO!$B$29 -> 1 | AE12: =+PO!$B$30 -> 1 | AF12: =+PO!$B$32 -> 1
S13: =+PO!$C$17 -> Director de Interventoria | T13: =+PO!$C$18 -> Ingeniero Residente de Interventoría | U13: =+PO!$C$19 -> Profesional Ambiental | V13: =+PO!$C$20 -> Profesional Técnico Predial | W13: =+PO!$C$21 -> Especialista en Geologia y/o Geotecnia | X13: =+PO!$C$22 -> Especialista en Estructuras | Y13: =+PO!$C$23 -> Especialista en Pavimentos y/o Vias | Z13: =+PO!$C$24 -> Especialista en Hidráulica e Hidrología | AA13: =+PO!$C$25 -> Profesional de Aseguramiento o Gestión de la Calidad | AB13: =+PO!$C$26 -> Profesional Juridico Predial | AC13: =+PO!$C$28 -> Topógrafo Inspector | AD13: =+PO!$C$29 -> Laboratorista Inspector | AE13: =+PO!$C$30 -> Inspector SST | AF13: =+PO!$C$32 -> Cadenero
A14: 1. ETAPA DE PRECONSTRUCCIÓN. Seguimiento, control y revisión a los ajustes y/o actualización y/o modificación y/o elaboración de estudios complementarios y/o definitivos, elaborados por el contratista, de manera que para la revisón final se cuente con las revisiones parciales surtidas en la elaboración de los mismos. Mantenimiento Preventivo del corredor vial. Trabajos para garantizar la transitabilidad y seguridad vial del corredor vial. | B14: 1 | C14: 1 | D14: 1 | E14: 1 | R14: Director de Interventoria, Profesional Tecnico Predial, Especialista en Geologia y/o Geotecnia, Especialista en Estructuras, Especialiats en Pavimentos y/o Vias, Especialista en Hidraulica e Hidrologia, Profesional de Aseguramiento o Gestion de la Calidad Profesional Juridico Predial. | S14: =10%*S24 -> 0.2 | V14: =40%*V24 -> 0.4 | W14: =40%*W24 -> 0.4 | X14: =40%*X24 -> 0.3 | Y14: =40%*Y24 -> 0.3 | Z14: =40%*Z24 -> 0.3 | AA14: =40%*AA24 -> 0.8 | AB14: =40%*AB24 -> 0.4
A15: 2. ETAPA DE CONSTRUCCIÓN:
A16: 2.1. CONTROL TECNICO, FINANCIERO, ADMINISTRATIVO , LEGAL Y AMBIENTAL, PREDIAL Y SOCIAL. | B16: 1 | C16: 1 | D16: 1 | E16: 1 | F16: 1 | G16: 1 | H16: 1 | I16: 1 | J16: 1 | K16: 1 | L16: 1 | M16: 1 | N16: 1 | O16: 1 | P16: 1 | Q16: 1 | R16: Director de Interventoria, Ingeniero Residente de Interventoria, Profesional Ambiental, Profesional Tecnico Predial, Especialista en Geologia y/o Geotecnia, Especialista en Estructuras, Especialiats en Pavimentos y/o Vias, Especialista en Hidraulica e Hidrologia, Profesional de Aseguramiento o Gestion de la Calidad, Profesional Juridico Predial, Topografo Inspector, Laboratorista Inspector, Inspector SST, Cadenero | S16: =50%*S24 -> 1 | T16: =50%*T24 -> 2 | U16: =50%*U24 -> 1 | V16: =30%*V24 -> 0.3 | W16: =30%*W24 -> 0.3 | X16: =30%*X24 -> 0.225 | Y16: =30%*Y24 -> 0.225 | Z16: =30%*Z24 -> 0.225 | AA16: =30%*AA24 -> 0.6 | AB16: =30%*AB24 -> 0.3 | AC16: =80%*AC24 -> 2.8 | AD16: =80%*AD24 -> 2.8 | AE16: =80%*AE24 -> 2.8 | AF16: =100%*AF24 -> 3.5
A17: 2.2. INFORMES SEMANALES DE SEGUIMIENTO. | B17: 1 | C17: 1 | D17: 1 | E17: 1 | F17: 1 | G17: 1 | H17: 1 | I17: 1 | J17: 1 | K17: 1 | L17: 1 | M17: 1 | N17: 1 | O17: 1 | P17: 1 | Q17: 1 | R17: Director de Interventoria, Ingeniero Residente de Interventoria, Profesional Ambiental, Profesional Tecnico Predial, Topografo Inspector,Laboratorista Inspector, Inspector SST, Cadenero | S17: =10%*S24 -> 0.2 | T17: =20%*T24 -> 0.8 | U17: =20%*U24 -> 0.4 | AC17: =20%*AC24 -> 0.7 | AD17: =20%*AD24 -> 0.7 | AE17: =20%*AE24 -> 0.7
A18: 2.3. INFORMES MENSUALES | E18: 1 | I18: 1 | M18: 1 | Q18: 1 | R18: Director de Interventoria, Ingeniero Residente de Interventoria, Profesional Ambiental, Profesional Tecnico Predial, Especialista en Geologia y/o Geotecnia, Especialista en Estructuras, Especialiats en Pavimentos y/o Vias, Especialista en Hidraulica e Hidrologia, Profesional de Aseguramiento o Gestion de la Calidad, Profesional Juridico Predial. | S18: =10%*S24 -> 0.2 | T18: =10%*T24 -> 0.4 | U18: =10%*U24 -> 0.2 | V18: =20%*V24 -> 0.2 | W18: =20%*W24 -> 0.2 | X18: =20%*X24 -> 0.15 | Y18: =20%*Y24 -> 0.15 | Z18: =20%*Z24 -> 0.15 | AA18: =20%*AA24 -> 0.4 | AB18: =20%*AB24 -> 0.2
A19: 2.4. INFORMES EJECUTIVOS. (Semanal y mensualmente, ya sea en Físico, vía Web o ambas). | B19: 1 | C19: 1 | D19: 1 | E19: 1 | F19: 1 | G19: 1 | H19: 1 | I19: 1 | J19: 1 | K19: 1 | L19: 1 | M19: 1 | N19: 1 | O19: 1 | P19: 1 | Q19: 1 | R19: Director de Interventoría, Ingeniero Residente de Interventoría, Profesional Ambiental. | S19: =5%*S24 -> 0.1 | T19: =5%*T24 -> 0.2 | U19: =5%*U24 -> 0.1
A20: 2.5. INFORME TRIMESTRAL DANE: INDICADOR DE AVANCE DE OBRAS CIVILES "IAFOC" | M20: 1 | R20: Director de Interventoría, Ingeniero Residente de Interventoría, Profesional Ambiental. | S20: =5%*S24 -> 0.1 | T20: =5%*T24 -> 0.2 | U20: =5%*U24 -> 0.1
A21: 2.6. RECIBO FINAL DE OBRA E INTERVENTORIA | Q21: 1 | R21: Director de Interventoria, Ingeniero Residente de Interventoria, Profesional Ambiental, Profesional Tecnico Predial, Especialista en Geologia y/o Geotecnia, Especialista en Estructuras, Especialiats en Pavimentos y/o Vias, Especialista en Hidraulica e Hidrologia, Profesional de Aseguramiento o Gestion de la Calidad, Profesional Juridico Predial. | S21: =5%*S24 -> 0.1 | T21: =5%*T24 -> 0.2 | U21: =5%*U24 -> 0.1 | V21: =5%*V24 -> 0.05 | W21: =5%*W24 -> 0.05 | X21: =5%*X24 -> 0.0375 | Y21: =5%*Y24 -> 0.0375 | Z21: =5%*Z24 -> 0.0375 | ... AB21: =5%*AB24 -> 0.05
A22: 2.7. INFORME FINAL Y ENTREGA DOCUMENTOS PARA LIQUIDACION | Q22: 1 | R22: Director de Interventoria, Ingeniero Residente de Interventoria, Profesional Ambiental, Profesional Tecnico Predial, Especialista en Geologia y/o Geotecnia, Especialista en Estructuras, Especialiats en Pavimentos y/o Vias, Especialista en Hidraulica e Hidrologia, Profesional de Aseguramiento o Gestion de la Calidad, Profesional Juridico Predial. | S22: =5%*S24 -> 0.1 | T22: =5%*T24 -> 0.2 | U22: =5%*U24 -> 0.1 | V22: =5%*V24 -> 0.05 | W22: =5%*W24 -> 0.05 | X22: =5%*X24 -> 0.0375 | Y22: =5%*Y24 -> 0.0375 | Z22: =5%*Z24 -> 0.0375 | ... AB22: =5%*AB24 -> 0.05
R23: DEDICACIÓN TOTAL PRESUPUESTO | S23: =SUM(S14:S22) -> 2 | T23: =SUM(T14:T22) -> 4 | U23: =SUM(U14:U22) -> 2 | V23: =SUM(V14:V22) -> 1 | W23: =SUM(W14:W22) -> 1 | X23: =SUM(X14:X22) -> 0.75 | Y23: =SUM(Y14:Y22) -> 0.75 | Z23: =SUM(Z14:Z22) -> 0.75 | ... AF23: =SUM(AF14:AF22) -> 3.5
R24: DEDICACIÓN FORMULARIO | S24: =+PO!$F$17 -> 2 | T24: =+PO!$F$18 -> 4 | U24: =+PO!$F$19 -> 2 | V24: =+PO!$F$20 -> 1 | W24: =+PO!$F$21 -> 1 | X24: =+PO!$F$22 -> 0.75 | Y24: =+PO!$F$23 -> 0.75 | Z24: =+PO!$F$24 -> 0.75 | AA24: =+PO!$F$25 -> 2 | AB24: =+PO!$F$26 -> 1 | AC24: =+PO!$F$28 -> 3.5 | AD24: =+PO!$F$29 -> 3.5 | AE24: =+PO!$F$30 -> 3.5 | AF24: =+PO!$F$32 -> 3.5
A25: NOTA: | R25: CHECK | S25: =+S24-S23=0 -> TRUE | T25: =+T24-T23=0 -> TRUE | U25: =+U24-U23=0 -> TRUE | V25: =+V24-V23=0 -> TRUE | W25: =+W24-W23=0 -> TRUE | X25: =+X24-X23=0 -> TRUE | Y25: =+Y24-Y23=0 -> TRUE | Z25: =+Z24-Z23=0 -> TRUE | ... AF25: =+AF24-AF23=0 -> TRUE
A26: Todas las actividades de Interventoría estan apoyadas por el Personal Logistico de la Interventoría, tales como: Secretaria, Conductor(es).
A31: Nombre y firma del Representante Legal del Proponente

Sheet ANALISIS FM
A1: CALCULO DEL FACTOR MUTIPLICADOR (actualización JERP para trabajos distintos al IDU Junio-09)
C2: VALOR DEL CONTRATO EN SMMLV
B3: Rango del Contrato-------> | C3: 0 a 1,500 | D3: 1,500 a 3,000 | E3: 3,000 a 6,000 | F3: 6,000 a 10,000 | G3: + DE 10,000
C4: 0-1316' | D4: 1316' - 2633' | E4: 2633'-5266' | F4: 5266' - 8778' | G4: >8778' | H4: MARIO CESAR | I4: 877803 | J4: 1500 | K4: =+J4*$I$4 -> 1316704500 | L4: 1316
A5: ITEM | B5: CONCEPTO | C5: % | D5: % | E5: % | F5: % | G5: % | J5: 3000 | K5: =+J5*$I$4 -> 2633409000 | L5: 2633
A6: 1 | B6: SALARIOS | C6: 1 | D6: 1 | E6: 1 | F6: 1 | G6: 1 | H6: 1 | J6: 6000 | K6: =+J6*$I$4 -> 5266818000 | L6: 5266
A7: 2 | B7: PRESTACIONES SOCIALES | C7: =SUM(C8:C19) -> 0.5875222 | D7: =SUM(D8:D19) -> 0.5875222 | E7: =SUM(E8:E19) -> 0.5875222 | F7: =SUM(F8:F19) -> 0.5875222 | G7: =SUM(G8:G19) -> 0.5875222 | H7: =SUM(H8:H22) -> 0.61443333 | J7: 10000 | K7: =+J7*$I$4 -> 8778030000 | L7: 8778
A8: =+A7+0.01 -> 2.01 | B8: Cesantía | C8: =30/360 -> 0.083333333 | D8: =+C8 -> 0.083333333 | E8: =+C8 -> 0.083333333 | F8: =+C8 -> 0.083333333 | G8: =+C8 -> 0.083333333 | H8: =+C8 -> 0.083333333
A9: =+A8+0.01 -> 2.02 | B9: Intereses de Cesantía | C9: 0.01 | D9: 0.01 | E9: 0.01 | F9: 0.01 | G9: 0.01 | H9: 0.013
A10: =+A9+0.01 -> 2.03 | B10: Prima | C10: =30/360 -> 0.083333333 | D10: =+C10 -> 0.083333333 | E10: =+C10 -> 0.083333333 | F10: =+C10 -> 0.083333333 | G10: =+C10 -> 0.083333333 | H10: =+C10 -> 0.083333333 | J10: =102854/877803 -> 0.11717208
A11: =+A10+0.01 -> 2.04 | B11: Vacaciones | C11: =15/360 -> 0.041666667 | D11: =+C11 -> 0.041666667 | E11: =+C11 -> 0.041666667 | F11: =+C11 -> 0.041666667 | G11: =+C11 -> 0.041666667 | H11: =+C11 -> 0.041666667
A12: =+A11+0.01 -> 2.05 | B12: Sesuridad Social Salud | C12: 0.085 | D12: =+C12 -> 0.085 | E12: =+C12 -> 0.085 | F12: =+C12 -> 0.085 | G12: =+C12 -> 0.085
A13: =+A12+0.01 -> 2.06 | B13: Sesuridad Social Pensión | C13: 0.12 | D13: =+C13 -> 0.12 | E13: =+C13 -> 0.12 | F13: =+C13 -> 0.12 | G13: =+C13 -> 0.12 | H13: =+C13 -> 0.12
A14: =+A13+0.01 -> 2.07 | B14: Aseguradora de Riesgos Profesionales | C14: 0.0696 | D14: =+C14 -> 0.0696 | E14: =+C14 -> 0.0696 | F14: =+C14 -> 0.0696 | G14: =+C14 -> 0.0696 | H14: 0.025
A15: =+A14+0.01 -> 2.08 | B15: Subsidio Familiar | C15: 0.04 | D15: =+C15 -> 0.04 | E15: =+C15 -> 0.04 | F15: =+C15 -> 0.04 | G15: =+C15 -> 0.04 | H15: 0
A16: =+A15+0.01 -> 2.09 | B16: ICBF | C16: 0.03 | D16: =+C16 -> 0.03 | E16: =+C16 -> 0.03 | F16: =+C16 -> 0.03 | G16: =+C16 -> 0.03 | H16: 0
A17: =+A16+0.01 -> 2.1 | B17: SENA | C17: 0.02 | D17: =+C17 -> 0.02 | E17: =+C17 -> 0.02 | F17: =+C17 -> 0.02 | G17: =+C17 -> 0.02 | H17: 0
A18: =+A17+0.01 -> 2.11 | B18: Subsidio de Transporte | C18: =56900/496900*0 -> 0 | D18: =+C18 -> 0 | E18: =+C18 -> 0 | F18: =+C18 -> 0 | G18: =+C18 -> 0
A19: =+A18+0.01 -> 2.12 | B19: Dotación | C19: =+C58 -> 0.0045888713 | D19: =+C19 -> 0.0045888713 | E19: =+C19 -> 0.0045888713 | F19: =+C19 -> 0.0045888713 | G19: =+C19 -> 0.0045888713 | H19: 0.06
A20: =+A19+0.01 -> 2.13 | B20: Recargo dominicales y festivos | H20: 0.1313
A21: =+A20+0.01 -> 2.14 | B21: recargo nocturno | H21: 0.0368
A22: =+A21+0.01 -> 2.15 | B22: Otros | H22: 0.02
A23: 3 | B23: COSTOS OFICINA DEL CONSULTOR | C23: =SUM(C24:C36) -> 0.25525 | D23: =SUM(D24:D36) -> 0.24525 | E23: =SUM(E24:E36) -> 0.23525 | F23: =SUM(F24:F36) -> 0.22525 | G23: =SUM(G24:G36) -> 0.21525 | H23: =SUM(H24:H39) -> 0.507
A24: =+A23+0.01 -> 3.01 | B24: Arriendo de Oficina, administración y servicios públicos | C24: 0.08 | D24: 0.08 | E24: 0.08 | F24: 0.08 | G24: 0.08 | H24: 0.032 | K24: =+C24*877803*1500 -> 1.0533636e+08 | L24: =+D24*877803*3000 -> 2.1067272e+08 | M24: =+E24*877803*6000 -> 4.2134544e+08 | N24: =+F24*877803*10000 -> 702242400
A25: =+A24+0.01 -> 3.02 | B25: Papelería Oficina consultor | C25: 0.02 | D25: =+C25 -> 0.02 | E25: =+C25 -> 0.02 | F25: =+C25 -> 0.02 | G25: =+C25 -> 0.02 | H25: 0.02 | K25: =+C25*877803*1500 -> 26334090 | L25: =+D25*877803*3000 -> 52668180 | M25: =+E25*877803*6000 -> 1.0533636e+08 | N25: =+F25*877803*10000 -> 175560600
A26: =+A25+0.01 -> 3.03 | B26: Personal administrativo no facturado | C26: 0.06 | D26: 0.05 | E26: 0.04 | F26: 0.03 | G26: 0.02 | H26: 0.01 | K26: =+C26*877803*1500 -> 79002270 | L26: =+D26*877803*3000 -> 131670450 | M26: =+E26*877803*6000 -> 2.1067272e+08 | N26: =+F26*877803*10000 -> 263340900
A27: =+A26+0.01 -> 3.04 | B27: Personal profesional no facturado | C27: =7%*0 -> 0 | D27: =6%*0 -> 0 | E27: =5%*0 -> 0 | F27: =4%*0 -> 0 | G27: =3%*0 -> 0 | H27: 0.01 | K27: =+C27*877803*1500 -> 0 | L27: =+D27*877803*3000 -> 0 | M27: =+E27*877803*6000 -> 0 | N27: =+F27*877803*10000 -> 0
A28: =+A27+0.01 -> 3.05 | B28: Asesoría legal, tributaria y médica | C28: 0.03 | D28: 0.03 | E28: 0.03 | F28: 0.03 | G28: 0.03 | H28: 0.15 | K28: =+C28*877803*1500 -> 39501135 | L28: =+D28*877803*3000 -> 79002270 | M28: =+E28*877803*6000 -> 158004540 | N28: =+F28*877803*10000 -> 263340900
A29: =+A28+0.01 -> 3.06 | B29: Gastos de representación | C29: 0.01 | D29: 0.01 | E29: 0.01 | F29: 0.01 | G29: 0.01 | H29: 0.01 | K29: =+C29*877803*1500 -> 13167045 | L29: =+D29*877803*3000 -> 26334090 | M29: =+E29*877803*6000 -> 52668180 | N29: =+F29*877803*10000 -> 87780300
A30: =+A29+0.01 -> 3.07 | B30: Gastos bancarios | C30: 0.01 | D30: =+C30 -> 0.01 | E30: =+C30 -> 0.01 | F30: =+C30 -> 0.01 | G30: =+C30 -> 0.01 | K30: =+C30*877803*1500 -> 13167045 | L30: =+D30*877803*3000 -> 26334090 | M30: =+E30*877803*6000 -> 52668180 | N30: =+F30*877803*10000 -> 87780300
A31: =+A30+0.01 -> 3.08 | B31: Equipos y mantenimiento de oficina | C31: 0.02 | D31: 0.02 | E31: 0.02 | F31: 0.02 | G31: 0.02 | H31: 0.02 | K31: =+C31*877803*1500 -> 26334090 | L31: =+D31*877803*3000 -> 52668180 | M31: =+E31*877803*6000 -> 1.0533636e+08 | N31: =+F31*877803*10000 -> 175560600
A32: =+A31+0.01 -> 3.09 | B32: Seguros de oficina del consultor | C32: 0.0025 | D32: =+C32 -> 0.0025 | E32: =+C32 -> 0.0025 | F32: =+C32 -> 0.0025 | G32: =+C32 -> 0.0025 | H32: 0.06 | K32: =+C32*877803*1500 -> 3291761.3 | L32: =+D32*877803*3000 -> 6583522.5 | M32: =+E32*877803*6000 -> 13167045 | N32: =+F32*877803*10000 -> 21945075
A33: =+A32+0.01 -> 3.1 | B33: Correos | C33: 0.00025 | D33: =+C33 -> 0.00025 | E33: =+C33 -> 0.00025 | F33: =+C33 -> 0.00025 | G33: =+C33 -> 0.00025 | H33: 0.01 | K33: =+C33*877803*1500 -> 329176.12 | L33: =+D33*877803*3000 -> 658352.25 | M33: =+E33*877803*6000 -> 1316704.5 | N33: =+F33*877803*10000 -> 2194507.5
A34: =+A33+0.01 -> 3.11 | B34: Documentación Técnica | C34: =+C35/2 -> 0.0075 | D34: =+D35/2 -> 0.0075 | E34: =+E35/2 -> 0.0075 | F34: =+F35/2 -> 0.0075 | G34: =+G35/2 -> 0.0075 | H34: 0.05 | K34: =+C34*877803*1500 -> 9875283.8 | L34: =+D34*877803*3000 -> 19750568 | M34: =+E34*877803*6000 -> 39501135 | N34: =+F34*877803*10000 -> 65835225
A35: =+A34+0.01 -> 3.12 | B35: Costos Propuestas | C35: 0.015 | D35: =+C35 -> 0.015 | E35: =+C35 -> 0.015 | F35: =+C35 -> 0.015 | G35: =+C35 -> 0.015 | H35: 0.015 | K35: =+C35*877803*1500 -> 19750568 | L35: =+D35*877803*3000 -> 39501135 | M35: =+E35*877803*6000 -> 79002270 | N35: =+F35*877803*10000 -> 131670450
A36: =+A35+0.01 -> 3.13 | B36: Equipos de mitigación ambiental y social | C36: =1%*0 -> 0 | D36: =+C36 -> 0 | E36: =+C36 -> 0 | F36: =+C36 -> 0 | G36: =+C36 -> 0 | H36: 0
A37: =+A36+0.01 -> 3.14 | B37: Gastos de vehículo | H37: 0.05
A38: =+A37+0.01 -> 3.15 | B38: Depreciación de muebles y equipos | H38: 0.02
A39: =+A38+0.01 -> 3.16 | B39: Licenciamiento de software | H39: 0.05
A40: 4 | B40: COSTOS DE PERFECCIONAMIENTO (IMPUESTOS Y POLIZAS) | C40: =SUM(C41:C48) -> 0.24254348 | D40: =SUM(D41:D48) -> 0.23806814 | E40: =SUM(E41:E48) -> 0.23313255 | F40: =SUM(F41:F48) -> 0.22850031 | G40: =SUM(G41:G48) -> 0.22391701 | H40: =SUM(H41:H49) -> 0.1068
A41: =+A40+0.01 -> 4.01 | B41: Timbre | C41: 0.01913217 | D41: 0.018776213 | E41: 0.018383647 | F41: 0.01801521 | G41: 0.017650665 | H41: 0
A42: =+A41+0.01 -> 4.02 | B42: Publicación en el diario oficial | C42: =0.2001% -> 0.002001 | D42: 0.002001 | E42: 0.002001 | F42: 0.002001 | G42: 0.002001 | H42: 0
A43: =+A42+0.01 -> 4.03 | B43: Retefuente | C43: 0.18707011 | D43: 0.18358963 | E43: 0.17975122 | F43: 0.17614872 | G43: 0.17258428 | H43: 0.0275
A44: =+A43+0.01 -> 4.04 | B44: ReteICA | C44: 0.017601596 | D44: 0.017274115 | E44: 0.016912956 | F44: 0.016573993 | G44: 0.016238612 | H44: 0.011
A45: =+A44+0.01 -> 4.05 | B45: Estampilla Universidad Distrital - Nacional | C45: 0 | D45: =+C45 -> 0 | E45: =+C45 -> 0 | F45: =+C45 -> 0 | G45: =+C45 -> 0 | H45: 0.0167
A46: =+A45+0.01 -> 4.06 | B46: Póliza de calidad | C46: 0.006334789 | D46: 0.0062169291 | E46: 0.0060869482 | F46: 0.0059649561 | G46: 0.0058442529 | H46: 0.0053
A47: =+A46+0.01 -> 4.07 | B47: Poliza de cumplimiento | C47: 0.0063498397 | D47: 0.0062316998 | E47: 0.00610141 | F47: 0.0059791281 | G47: 0.005858138 | H47: 0.0099
A48: =+A47+0.01 -> 4.08 | B48: Póliza de salarios y prestaciones sociales | C48: 0.0040539793 | D48: 0.0039785543 | E48: 0.0038953723 | F48: 0.0038173029 | G48: 0.0037400582 | H48: 0.0099
A49: =+A48+0.01 -> 4.09 | B49: Cree | H49: 0.0265
A50: 5 | B50: IMPREVISTOS 3 % AL 1 % | C50: =0.03*C53 -> 0.062559471 | D50: =0.025*D53 -> 0.051771009 | E50: =0.02*E53 -> 0.041118095 | F50: =0.015*F53 -> 0.030619088 | G50: =0.01*G53 -> 0.020266892 | H50: =0.01*H53 -> 0.022282333
A51: 6 | B51: UTILIDADES 10 % (1+2+3+4) | C51: =0.1*C53 -> 0.20853157 | D51: =0.1*D53 -> 0.20708403 | E51: =0.1*E53 -> 0.20559048 | F51: =0.1*F53 -> 0.20412725 | G51: =0.1*G53 -> 0.20266892 | H51: 0.11
B52: TOTAL FACTOR MUTIPLICADOR | C52: =+C51+C50+C40+C23+C7+C6 -> 2.3564067 | D52: =+D51+D50+D40+D23+D7+D6 -> 2.3296954 | E52: =+E51+E50+E40+E23+E7+E6 -> 2.3026133 | F52: =+F51+F50+F40+F23+F7+F6 -> 2.2760189 | G52: =+G51+G50+G40+G23+G7+G6 -> 2.249625 | H52: =+H51+H50+H40+H23+H7+H6 -> 2.3605157
B53: BASES PROVISIONALES | C53: =+C6+C7+C23+C40 -> 2.0853157 | D53: =+D6+D7+D23+D40 -> 2.0708403 | E53: =+E6+E7+E23+E40 -> 2.0559048 | F53: =+F6+F7+F23+F40 -> 2.0412725 | G53: =+G6+G7+G23+G40 -> 2.0266892 | H53: =+H6+H7+H23+H40 -> 2.2282333
B56: Casco+Botas+Overol (c/4 meses) | C56: =+F59 -> 128900 | E56: casco | F56: 22900
B57: SMMLV AÑO 2,019 | C57: =877803 -> 877803 | E57: botas | F57: 56000
B58: Incidencia para 8 SMMLV | C58: =+C56/C57/4/8 -> 0.0045888713 | E58: overol | F58: 50000
F59: =SUM(F56:F58) -> 128900
F60: =+F59*3 -> 386700

Sheet PERFILES PREDIALES
C6: CARGO | D6: Formación | E6: Experiencia General | F6: Experiencia Específica
C7: Profesional Técnico Predial | D7: Matrícula profesional vigente como profesional en Ingeniería Civil, Catastral y/o Topográfica. | E7: Experiencia general (o experiencia profesional): no menor de cinco (5) años, contados a partir de la fecha de terminación y aprobación del pensum académico de educación superior y hasta la fecha de cierre del presente proceso de contratación. | F7: Experiencia especifica: mínimo cinco (5) años acumulada, contados a partir de la fecha de terminación y aprobación del pensum académico de educación superior y hasta la fecha de cierre del presente proceso de contratación, en gestión predial en proyectos de infraestructura (procesos de compra predial) para entidades públicas o privadas.
C8: Profesional Jurídico Predial | D8: Matrícula profesional vigente como abogado | E8: Experiencia general (o experiencia profesional): no menor de cinco (5) años, contados a partir de la fecha de terminación y aprobación del pensum académico de educación superior y hasta la fecha de cierre del presente proceso de contratación. | F8: Experiencia especifica: mínimo cinco (5) años acumulada, contados a partir de la fecha de terminación y aprobación del pensum académico de educación superior y hasta la fecha de cierre del presente proceso de contratación, en gestión predial en proyectos de infraestructura (procesos de compra predial) para entidades públicas o privadas.
